 Dungeon Crawl Stone Soup version 0.29.0-4-gdea44cf6ec (webtiles) character file.

Game seed: 13517475882043907137

2545 qw the Cleaver (level 9, -3/54 HPs)
             Began as a Tengu Warper on Aug 28, 2022.
             Blown up by Maggie (18 damage)
             ... with a mindburst bolt
             ... on level 7 of the Dungeon.
             The game lasted 00:00:50 (6850 turns).

qw the Cleaver (Tengu Warper)                       Turns: 6850, Time: 00:00:50

Health: -3/54      AC: 13    Str: 16    XL:     9   Next: 55%
Magic:  13/13      EV: 11    Int: 16    God:
Gold:   312        SH:  7    Dex: 13    Spells: 12/12 levels left

rFire   . . .      SeeInvis +   q - +2 war axe
rCold   . . .      Faith    .   s - +0 kite shield
rNeg    . . .      Spirit   .   p - +0 chain mail
rPois   +          Reflect  .   h - +3 crown of Dyrovepreva {rElec Int+2 SInv}
rElec   +          Harm     .   o - +0 cloak
rCorr   .          Rampage  .   (no gloves)
Will    .....                   (boots unavailable)
Stlth   ..........              g - amulet of the acrobat
HPRegen 0.18/turn               r - +4 ring of evasion
MPRegen 0.13/turn               m - ring of poison resistance

@: flying quickly and evasively, mesmerised, quick
A: beak, talons 3, nimble flight
a: no special abilities


You were on level 7 of the Dungeon.
You visited 1 branch of the dungeon, and saw 7 of its levels.
You also visited: Ossuary.

You collected 312 gold pieces.


Innate Abilities, Weirdness & Mutations

You have a beak for a mouth.
You have claws for feet.
Your magical nature lets you fly swiftly and evasively.


   Skills:
 - Level 5.4 Fighting
 - Level 11.2 Axes
 - Level 2.3 Throwing
 - Level 4.4 Armour
 - Level 4.1 Dodging
 + Level 0.0 Shields
 - Level 2.0 Spellcasting
 - Level 2.4 Translocations


You had 12 spell levels left.
You didn't know any spells.
Your spell library contained the following spells:

 Spells                   Type           Power      Damage    Failure   Level
 Blink                    Tloc           18%        N/A       100%        2
 Gell's Gravitas          Tloc           9%         N/A       100%        3
 Lesser Beckoning         Tloc           9%         N/A       100%        3
 Teleport Other           Tloc           9%         N/A       100%        3
 Manifold Assault         Tloc           9%         N/A       100%        5

Inventory:

Hand Weapons
 q - a +2 war axe (weapon)
 t - a +0 morningstar
Missiles
 n - 3 silver boomerangs (quivered)
Armour
 h - the +3 crown of Dyrovepreva (worn) {rElec Int+2 SInv}
   (You acquired it on level 2 of the Dungeon)

   Int:       It affects your intelligence (+2).
   rElec:     It insulates you from electricity.
   SInv:      It lets you see invisible.
 o - a +0 cloak (worn)
 p - a +0 chain mail (worn)
 s - a +0 kite shield (worn)
Jewellery
 g - an amulet of the acrobat (around neck)
 m - a ring of poison resistance (right hand)
 r - a +4 ring of evasion (left hand)
 Y - a +6 ring of dexterity
Scrolls
 a - 2 scrolls of identify
 f - 2 scrolls of teleportation
Potions
 b - a potion of cancellation
 c - a potion of might
 e - 5 potions of curing
 i - a potion of haste
 k - 2 potions of resistance
 l - a potion of mutation {unknown}

Dungeon Overview and Level Annotations

Branches:
Dungeon (7/15)            Ossuary (visited)
 Temple: D:4-7

Altars:
Dithmenos
Zin

Annotations:
D:7 Dowan, Duvessa, Maggie


Message History

The centaur shoots an arrow.
The arrow misses you.
The centaur shoots an arrow.
You block the arrow.
Maggie zaps a wand.
You struggle to resist.
The centaur shoots an arrow.
The arrow completely misses you.
The centaur unwields a +0 shortbow.
You block the centaur's attack. x2
Maggie casts a spell.
Maggie attempts to bespell you!
You are mesmerised by Maggie!
You slash Maggie! You peck Maggie.
Maggie is moderately wounded.
You hit the centaur. You block the centaur's attack.
The centaur kicks you but does no damage.
Maggie gestures at you while chanting. The bolt of fire hits you!
The centaur closely misses you. You block the centaur's attack.
You hit Maggie.
Maggie is moderately wounded.
You hit the centaur but do no damage. The centaur closely misses you.
The centaur misses you.
Maggie zaps a wand.
You struggle to resist.
You slash Maggie! Your kick misses Maggie.
Maggie is heavily wounded.
You slash the centaur!
You block the centaur's attack. x2; Maggie hits you with a +0 morningstar!
Dowan gestures wildly while chanting.
Dowan blinks!
The centaur hits you. The centaur closely misses you.
You barely miss Maggie. You peck Maggie.
Maggie is heavily wounded.
You closely miss the centaur.
The centaur hits you but does no damage.
The centaur closely misses you.
Maggie zaps a wand.
Your mind is blasted!
The centaur hits you but does no damage.
The centaur barely misses you.
You barely miss Maggie. Your kick misses Maggie.
Maggie is heavily wounded.
You hit the centaur but do no damage. The centaur barely misses you.
The centaur closely misses you.
Maggie zaps a wand.
Your mind is blasted!
You die...

##########.
#..........
+..........
#..........
###+##..........
#........@......
#..e....@.......
#........c......
+...............
#..[.......$....
#...............
#...............
#....#'######.......
#....#.).# .......
+....#...# ......


You could see Maggie (mesmerising), Dowan and a centaur.

Vanquished Creatures
  A water moccasin (D:6)
  A black bear (D:5)
  An ice beast (D:5)
  2 hornet zombies (Ossuary)
  2 ogres
  2 phantoms (D:5)
  A wyvern zombie (Ossuary)
  4 scorpions
  2 water moccasin zombies (Ossuary)
  5 bullfrog zombies (Ossuary)
  A jelly (D:5)
  5 orc priests
  6 centaur zombies (Ossuary)
  A gnoll bouda (D:6)
  4 hounds
  Natasha (twice) (D:2)
  4 iguanas
  3 orc wizards
  7 mummies (Ossuary)
  A killer bee zombie (Ossuary)
  4 howler monkey zombies (Ossuary)
  5 gnolls (D:6)
  6 adders
  A shadow imp (D:6)
  A white imp (D:5)
  A worm zombie (D:6)
  A worm (D:3)
  A dart slug (D:4)
  31 orcs
  5 endoplasms
  3 giant cockroaches
  2 goblins
  5 hobgoblins
  3 jackals (D:4)
  4 kobolds
  4 quokkas
  3 ball pythons
  2 bats
  A frilled lizard (D:3)
  6 rats
144 creatures vanquished.

Vanquished Creatures (others)
  41 plants
  9 withered plants (Ossuary)
50 creatures vanquished.

Grand Total: 194 creatures vanquished

Notes
Turn   | Place    | Note
-------+----------+-------------------------------------------
     0 | D:1      | qw the Tengu Warper began the quest for the Orb.
     0 | D:1      | Reached XP level 1. HP: 12/12 MP: 4/4
     0 | D:1      | 0 ||| qw: Version: 0.1-a-89-g26bdef1
     0 | D:1      | 0 ||| qw: Game counter: 831
     0 | D:1      | 0 ||| qw: Always use a shield: true
     0 | D:1      | 0 ||| qw: God list: Okawaru
     0 | D:1      | 0 ||| qw: Allow faded altars: false
     0 | D:1      | 0 ||| qw: Do Orc after D:15 true
     0 | D:1      | 0 ||| qw: Do second Lair branch before Depths: true
     0 | D:1      | 0 ||| qw: Lair rune preference: random
     0 | D:1      | 0 ||| qw: Plans: Normal
     0 | D:1      | 0 ||| PLANNING D:1-11
   266 | D:1      | Reached XP level 2. HP: 17/17 MP: 6/6
   299 | D:1      | 299 ||| DROPPING +0 club.
   474 | D:1      | Reached skill level 3 in Axes
   694 | D:1      | 694 ||| UPGRADING to +0 scale mail.
   704 | D:1      | 704 ||| DROPPING +0 leather armour.
   705 | D:1      | 705 ||| UPGRADING to amulet of the acrobat.
   710 | D:1      | 710 ||| READING scroll labelled WIWNYPP LESKE.
   711 | D:1      | 711 ||| READING scroll labelled TUSEUF EPUUHO.
   712 | D:1      | 712 ||| DRINKING 2 bubbling emerald potions.
   713 | D:1      | 713 ||| DROPPING scroll of blinking.
   714 | D:1      | 714 ||| DROPPING potion of brilliance.
   766 | D:2      | 766 ||| READING scroll of enchant weapon.
   766 | D:2      | 766 ||| ENCHANTING +1 hand axe.
   876 | D:2      | 876 ||| Stepping ~*~*~tactically~*~*~ (stealth).
   965 | D:2      | Reached XP level 3. HP: 21/21 MP: 7/7
   965 | D:2      | Noticed Natasha
   972 | D:2      | Killed Natasha
   973 | D:2      | Reached skill level 4 in Axes
  1151 | D:2      | Found a faded altar of an unknown god.
  1252 | D:2      | Noticed Natasha
  1263 | D:2      | Killed Natasha
  1264 | D:2      | Reached XP level 4. HP: 11/26 MP: 8/8
  1450 | D:2      | 1450 ||| READING scroll labelled BIARGH FAOSUATS.
  1451 | D:2      | 1451 ||| READING scroll labelled HIRATI QOAMO.
  1451 | D:2      | Identified a scroll of acquirement
  1451 | D:2      | 1451 ||| ACQUIRING +3 crown of Dyrovepreva {rElec Int+2
                  | SInv}
  1451 | D:2      | Acquired the +3 crown of Dyrovepreva {rElec Int+2 SInv}
  1451 | D:2      | Found the +3 crown of Dyrovepreva {rElec Int+2 SInv}
  1453 | D:2      | 1453 ||| UPGRADING to +3 crown of Dyrovepreva {rElec Int+2
                  | SInv}.
  1557 | D:3      | Reached skill level 5 in Axes
  1720 | D:3      | 1720 ||| DROPPING +0 mace.
  1730 | D:3      | 1730 ||| Stepping ~*~*~tactically~*~*~ (stealth).
  1731 | D:3      | 1731 ||| Stepping ~*~*~tactically~*~*~ (stealth).
  1732 | D:3      | 1732 ||| Stepping ~*~*~tactically~*~*~ (stealth).
  1829 | D:3      | 1829 ||| Stepping ~*~*~tactically~*~*~ (stealth).
  2016 | D:3      | 2016 ||| Stepping ~*~*~tactically~*~*~ (stealth).
  2455 | D:3      | Gained mutation: Your magical nature lets you fly swiftly
                  | and evasively. [Tengu growth]
  2455 | D:3      | Reached XP level 5. HP: 30/30 MP: 9/9
  2710 | D:3      | 2710 ||| UPGRADING to +0 cloak.
  2715 | D:3      | 2715 ||| UPGRADING to +0 chain mail.
  2725 | D:3      | 2725 ||| DROPPING +0 scale mail.
  2726 | D:3      | 2726 ||| UPGRADING to +6 ring of dexterity.
  2727 | D:3      | 2727 ||| READING scroll labelled IJUULE SOGHIN.
  2828 | D:3      | 2828 ||| DRINKING 2 viscous green potions.
  3098 | D:4      | 3098 ||| Stepping ~*~*~tactically~*~*~ (stealth).
  3108 | D:4      | 3108 ||| Stepping ~*~*~tactically~*~*~ (hiding).
  3116 | D:4      | Reached skill level 6 in Axes
  3124 | D:4      | 3124 ||| FLEEEEING.
  3125 | D:4      | 3125 ||| FLEEEEING.
  3126 | D:4      | 3126 ||| FLEEEEING.
  3127 | D:4      | 3127 ||| FLEEEEING.
  3130 | D:4      | 3130 ||| FLEEEEING.
  3132 | D:4      | 3132 ||| FLEEEEING.
  3133 | D:4      | 3133 ||| FLEEEEING.
  3134 | D:4      | 3134 ||| FLEEEEING.
  3135 | D:4      | 3135 ||| FLEEEEING.
  3136 | D:4      | 3136 ||| FLEEEEING.
  3137 | D:4      | 3137 ||| FLEEEEING.
  3138 | D:4      | 3138 ||| FLEEEEING.
  3139 | D:4      | 3139 ||| FLEEEEING.
  3140 | D:4      | 3140 ||| FLEEEEING.
  3141 | D:4      | 3141 ||| FLEEEEING.
  3142 | D:4      | 3142 ||| FLEEEEING.
  3143 | D:4      | 3143 ||| FLEEEEING.
  3145 | D:4      | 3145 ||| FLEEEEING.
  3148 | D:4      | 3148 ||| FLEEEEING.
  3151 | D:4      | 3151 ||| STAIRDANCE
  3293 | D:3      | 3293 ||| READING scroll labelled EFFASI MYGAXI.
  3294 | D:3      | 3294 ||| DRINKING 2 lumpy golden potions.
  3295 | D:3      | 3295 ||| DRINKING 2 brown potions.
  3296 | D:3      | 3296 ||| DROPPING potion of invisibility.
  3329 | D:4      | 3329 ||| Stepping ~*~*~tactically~*~*~ (stealth).
  3333 | D:4      | 3333 ||| READING scroll of enchant weapon.
  3333 | D:4      | 3333 ||| ENCHANTING +2 hand axe of draining.
  3388 | D:4      | Reached XP level 6. HP: 33/35 MP: 10/10
  3733 | D:4      | 3733 ||| Stepping ~*~*~tactically~*~*~ (stealth).
  3749 | D:4      | 3749 ||| Stepping ~*~*~tactically~*~*~ (hiding).
  3752 | D:4      | Reached skill level 7 in Axes
  3766 | D:4      | 3766 ||| Stepping ~*~*~tactically~*~*~ (stealth).
  3849 | D:4      | 3849 ||| DROPPING amulet of faith.
  3850 | D:4      | 3850 ||| READING scroll labelled EKHLYG CIOPOISU.
  3851 | D:4      | 3851 ||| DRINKING 2 yellow potions.
  3852 | D:4      | 3852 ||| DRINKING 2 inky potions.
  3896 | D:4      | 3896 ||| DROPPING potion of lignification.
  3904 | D:5      | Entered Level 5 of the Dungeon
  3905 | D:5      | 3905 ||| STAIRDANCE
  3933 | D:5      | 3933 ||| STAIRDANCE
  4024 | D:5      | 4024 ||| STAIRDANCE
  4119 | D:5      | Reached skill level 3 in Fighting
  4124 | D:5      | Reached XP level 7. HP: 23/41 MP: 11/11
  4203 | D:5      | 4203 ||| FLEEEEING.
  4210 | D:5      | 4210 ||| STAIRDANCE
  4284 | D:5      | Reached skill level 8 in Axes
  4298 | D:5      | 4298 ||| FLEEEEING.
  4299 | D:5      | 4299 ||| FLEEEEING.
  4304 | D:5      | 4304 ||| STAIRDANCE
  4346 | D:5      | 4346 ||| Stepping ~*~*~tactically~*~*~ (stealth).
  4347 | D:5      | 4347 ||| Stepping ~*~*~tactically~*~*~ (stealth).
  4368 | D:5      | Reached skill level 3 in Armour
  4601 | D:5      | 4601 ||| READING scroll of enchant weapon.
  4601 | D:5      | 4601 ||| ENCHANTING +3 hand axe of draining.
  4639 | D:5      | 4639 ||| SWAPPING to +0 war axe.
  4640 | D:5      | 4640 ||| DROPPING +4 hand axe of draining.
  4696 | D:5      | Reached skill level 9 in Axes
  4696 | D:5      | Reached XP level 8. HP: 39/46 MP: 12/12
  4825 | D:5      | Reached skill level 3 in Dodging
  4882 | D:5      | 4882 ||| DROPPING +0 flail.
  4889 | D:5      | 4889 ||| READING scroll of enchant weapon.
  4889 | D:5      | 4889 ||| ENCHANTING +0 war axe.
  5051 | D:5      | Found a glowing silver altar of Zin.
  5051 | D:5      | Found a shadowy altar of Dithmenos.
  5078 | D:5      | 5078 ||| Stepping ~*~*~tactically~*~*~ (stealth).
  5122 | D:5      | 5122 ||| Stepping ~*~*~tactically~*~*~ (stealth).
  5270 | D:5      | 5270 ||| READING scroll labelled PELYLU MENN.
  5275 | D:5      | 5275 ||| READING scroll labelled NOLENABREP.
  5276 | D:5      | 5276 ||| READING scroll labelled XUNESILIMOV.
  5277 | D:5      | 5277 ||| READING scroll labelled FUOTHUE JA OGELI.
  5278 | D:5      | 5278 ||| READING 4 scrolls of identify.
  5278 | D:5      | 5278 ||| IDENTIFYING coppery potion
  5279 | D:5      | 5279 ||| READING 3 scrolls of identify.
  5279 | D:5      | 5279 ||| IDENTIFYING purple potion
  5280 | D:5      | 5280 ||| READING 2 scrolls of identify.
  5280 | D:5      | 5280 ||| IDENTIFYING viscous pink potion
  5281 | D:5      | 5281 ||| DROPPING potion of berserk rage.
  5282 | D:5      | 5282 ||| DROPPING potion of ambrosia.
  5283 | D:5      | 5283 ||| Stepping randomly (stuck).
  5284 | D:5      | 5284 ||| Stepping ~*~*~tactically~*~*~ (cloud).
  5420 | D:6      | 5420 ||| PLANNING OSSUARY
  5443 | D:6      | Found a sand-covered staircase.
  5457 | Ossuary  | Entered an ossuary
  5460 | Ossuary  | 5460 ||| Stepping ~*~*~tactically~*~*~ (hiding).
  5483 | Ossuary  | Reached skill level 10 in Axes
  5500 | Ossuary  | HP: 9/48 [hornet zombie (5)]
  5501 | Ossuary  | 5501 ||| DRINKING potion of heal wounds.
  5519 | Ossuary  | 5519 ||| Stepping ~*~*~tactically~*~*~ (stealth).
  5534 | Ossuary  | 5534 ||| Stepping ~*~*~tactically~*~*~ (stealth).
  5685 | Ossuary  | Reached XP level 9. HP: 52/52 MP: 13/13
  5808 | Ossuary  | 5808 ||| READING scroll of enchant weapon.
  5808 | Ossuary  | 5808 ||| ENCHANTING +1 war axe.
  5968 | Ossuary  | 5968 ||| UPGRADING to ring of poison resistance.
  5969 | Ossuary  | 5969 ||| READING scroll labelled HUHICERCHEPP.
  5970 | Ossuary  | 5970 ||| DRINKING 3 murky coppery potions.
  5971 | Ossuary  | 5971 ||| READING 3 scrolls of identify.
  5971 | Ossuary  | 5971 ||| IDENTIFYING bubbling dark potion
  5972 | Ossuary  | 5972 ||| READING 2 scrolls of identify.
  5972 | Ossuary  | 5972 ||| IDENTIFYING bubbling orange potion
  5973 | Ossuary  | 5973 ||| DROPPING potion of attraction.
  5989 | D:6      | 5989 ||| PLANNING D:1-11
  5993 | D:6      | 5993 ||| Stepping ~*~*~tactically~*~*~ (hiding).
  6002 | D:6      | Reached skill level 11 in Axes
  6002 | D:6      | HP: 12/54 [scorpion (5)]
  6003 | D:6      | 6003 ||| READING 2 scrolls of teleportation.
  6007 | D:6      | 6007 ||| FLEEEEING.
  6007 | D:6      | HP: 5/54 [poisoned by a water moccasin]
  6008 | D:6      | 6008 ||| FLEEEEING.
  6009 | D:6      | 6009 ||| FLEEEEING.
  6010 | D:6      | 6010 ||| FLEEEEING.
  6021 | D:6      | 6021 ||| FLEEEEING.
  6023 | D:6      | 6023 ||| STAIRDANCE
  6392 | D:6      | 6392 ||| DRINKING 6 potions of curing.
  6392 | D:6      | 6392 ||| (to cure confusion)
  6494 | D:6      | 6494 ||| Stepping ~*~*~tactically~*~*~ (stealth).
  6496 | D:6      | 6496 ||| Stepping ~*~*~tactically~*~*~ (stealth).
  6497 | D:6      | 6497 ||| Stepping ~*~*~tactically~*~*~ (hiding).
  6717 | D:6      | 6717 ||| UPGRADING to +0 buckler.
  6722 | D:6      | 6722 ||| UPGRADING to +0 kite shield.
  6732 | D:6      | 6732 ||| DROPPING +0 buckler.
  6733 | D:6      | 6733 ||| UPGRADING to +4 ring of evasion.
  6735 | D:6      | 6735 ||| READING 2 scrolls of identify.
  6735 | D:6      | 6735 ||| IDENTIFYING gluggy clear potion
  6736 | D:6      | 6736 ||| DROPPING potion of flight.
  6823 | D:7      | Noticed Dowan
  6823 | D:7      | Noticed Duvessa
  6824 | D:7      | 6824 ||| Stepping ~*~*~tactically~*~*~ (stealth).
  6841 | D:7      | Noticed Maggie
  6850 | D:7      | Blown up by Maggie

Levels and vault maps discovered:
D:1:      heliophobic_arrival_henge, layout_loops_ring, dk_noncrumbling_3,
          minivault_25, dreamdust_mushroom_princess, minmay_cut_off
D:2:      layout_rooms, shapermc_ecumenical_altar_pompeii, uniq_natasha
D:3:      layout_basic, serial_bayou, serial_bayou_shore_b,
          serial_bayou_shore_b, serial_bayou_pond_c, serial_bayou_lagoon_b,
          minmay_door_square
D:4:      layout_loops_cross
D:5:      layout_rooms, gammafunk_temple_overflow_statue, serial_bayou,
          serial_bayou_pond_c, serial_bayou_lagoon_a, serial_bayou_pond_d,
          serial_bayou_pond_d, nicolae_figureground_pulse
D:6:      layout_rooms, enter_ossuary_3
D:7:      layout_gridville, lemuel_temple_firewalk_b, uniq_maggie, uniq_duvessa

Skill      XL: |  1  2  3  4  5  6  7  8  9 |
---------------+----------------------------+-----
Axes           | 3 4 5 6 7 9 10 11 | 11.2
Armour         | 2 3 4 |  4.4
Fighting       | 3 4 5 |  5.4
Dodging        | 3 4 |  4.1
Throwing       | 2 |  2.3
Spellcasting   | |  2.0
Translocations | |  2.4

Action                   |  1- 3 |  4- 6 |  7- 9 || total
-------------------------+-------+-------+-------++-------
Melee: Hand axe          |    46 |   132 |    28 ||   206
       Peck              |     8 |    25 |    47 ||    80
       Kick              |     9 |    39 |    85 ||   133
       Punch             |     1 |     1 |     4 ||     6
       War axe           |       |       |   195 ||   195
Throw: Boomerang         |     7 |    11 |    31 ||    49
  Use: Scroll            |     3 |     6 |    15 ||    24
       Potion            |     1 |     5 |     3 ||     9
 Stab: Invisible         |       |     1 |       ||     1
Armor: Leather armour    |     4 |       |       ||     4
       Scale mail        |     8 |    21 |       ||    29
       Chain mail        |       |    30 |   107 ||   137
Dodge: Dodged            |    16 |    46 |    99 ||   161
Block: Kite shield       |       |       |     8 ||     8

Table legend:
 A = Non-vault XP
 B = Vault XP
 C = Vault XP percentage of total XP
 D = Non-vault monster count
 E = Vault monster count
 F = Vault count percentage of total count
                 A         B        C        D         E       F
            +---------+---------+-------+---------+---------+-------
      Total |    2279 |    1358 |  37.3 |     112 |      32 |  22.2
            +---------+---------+-------+---------+---------+-------
        D:1 |      18 |       3 |  14.3 |      11 |       2 |  15.4
        D:2 |      51 |      36 |  41.4 |      12 |       1 |   7.7
        D:3 |      75 |       0 |   0.0 |      17 |       0 |   0.0
        D:4 |     320 |       0 |   0.0 |      24 |       0 |   0.0
        D:5 |    1208 |       0 |   0.0 |      26 |       0 |   0.0
        D:6 |     607 |       6 |   1.0 |      22 |       1 |   4.3
    Ossuary |       0 |    1313 | 100.0 |       0 |      28 | 100.0
            +---------+---------+-------+---------+---------+-------
